| TOP OF THE 1ST |
|
Mahoning Valley Scrappers batting - Pitching for Lowell Spinners : RHP Morty Rupert
|
|
Pitching: RHP Morty Rupert
|
|
|
Batting: RHB Kenzo Shinoda
|
0-0: Swinging Strike 0-1: Swinging Strike 0-2: Ground out 6-3 (Groundball, 6, EV 80.6 MPH)
|
|
Batting: RHB John Bianconi
|
0-0: Ground out 6-3 (Groundball, 6, EV 87.5 MPH)
|
|
Batting: LHB Shane Montalvo
|
0-0: Ball 1-0: Called Strike 1-1: Foul Ball, location: 2F 1-2: Ball 2-2: Strikes out swinging
|
| Top of the 1st over - 0 runs, 0 hits, 0 errors, 0 left on base; Mahoning Valley 0 - Lowell 0 |
| BOTTOM OF THE 1ST |
|
Lowell Spinners batting - Pitching for Mahoning Valley Scrappers : RHP Mario del Rio
|
|
Pitching: RHP Mario del Rio
|
|
|
Batting: LHB Sergio Tinoco
|
0-0: Ball 1-0: Ball 2-0: Ball 3-0: Base on Balls
|
|
Batting: RHB Andy Garvin
|
0-0: Called Strike Sergio Tinoco is caught stealing 2nd base 2-4 0-1: Ground out 6-3 (Groundball, 6, EV 101.2 MPH)
|
|
Batting: LHB Frank Olivo
|
0-0: Swinging Strike 0-1: Foul Ball, location: 2F 0-2: SINGLE (Line Drive, 34D, EV 105.6 MPH)
|
|
Batting: RHB Alex Cardenas
|
0-0: Foul Ball, location: 2F 0-1: Fly out, F9 (Flyball, 9, EV 91.2 MPH)
|
| Bottom of the 1st over - 0 runs, 1 hit, 0 errors, 1 left on base; Mahoning Valley 0 - Lowell 0 |
| TOP OF THE 2ND |
|
Mahoning Valley Scrappers batting - Pitching for Lowell Spinners : RHP Morty Rupert
|
|
Batting: LHB Jeff Palmowski
|
0-0: Ball 1-0: Foul Ball, location: 2F 1-1: Called Strike 1-2: Strikes out swinging
|
|
Batting: RHB Ricky Cordova
|
0-0: SINGLE (Groundball, 56, EV 106.2 MPH)
|
|
Batting: RHB Luis Roman
|
0-0: Ball Ricky Cordova steals 2nd base (no throw) 1-0: Called Strike Ricky Cordova steals 3rd base 1-1: Ball 2-1: Foul Ball, location: 2F 2-2: Foul Ball, location: 2F 2-2: Foul Ball, location: 2F 2-2: Strikes out swinging
|
|
Batting: LHB Esteban Cordova
|
0-0: Swinging Strike 0-1: Ball 1-1: Foul Ball, location: 2F 1-2: Ball 2-2: Ball 3-2: Foul Ball, location: 2F 3-2: Fly out, F8 (Line Drive, 78M, EV 90.0 MPH)
|
| Top of the 2nd over - 0 runs, 1 hit, 0 errors, 1 left on base; Mahoning Valley 0 - Lowell 0 |
| BOTTOM OF THE 2ND |
|
Lowell Spinners batting - Pitching for Mahoning Valley Scrappers : RHP Mario del Rio
|
|
Batting: RHB Paul Long
|
0-0: SOLO HOME RUN (Flyball, 7LD, EV 94.4 MPH), Distance : 348 ft
|
|
Batting: RHB Sal Rivera
|
0-0: Foul Ball, location: 2F 0-1: Ball 1-1: Ground out 5-3 (Groundball, 56, EV 90.6 MPH)
|
|
Batting: RHB Travis Campbell
|
0-0: Called Strike 0-1: Foul Ball, location: 2F 0-2: Foul Ball, location: 2F 0-2: Ball 1-2: Ball 2-2: Fly out, F8 (Flyball, 8RXD, EV 98.8 MPH)
|
|
Batting: RHB Joe Sandoval
|
0-0: Called Strike 0-1: TRIPLE (Line Drive, 9LD, EV 102.5 MPH)
|
|
Batting: RHB Dominique Paolozzi
|
0-0: Ball 1-0: Ball 2-0: Called Strike 2-1: Fly out, F8 (Flyball, 89M, EV 73.8 MPH)
|
| Bottom of the 2nd over - 1 run, 2 hits, 0 errors, 1 left on base; Mahoning Valley 0 - Lowell 1 |
| TOP OF THE 3RD |
|
Mahoning Valley Scrappers batting - Pitching for Lowell Spinners : RHP Morty Rupert
|
|
Batting: RHB Anibal Casteles
|
0-0: Called Strike 0-1: Swinging Strike 0-2: Strikes out swinging
|
|
Batting: SHB Javon Mitchell
|
0-0: SINGLE (Line Drive, 8LS, EV 105.6 MPH)
|
|
Batting: RHB Kenzo Shinoda
|
0-0: Ball Javon Mitchell steals 2nd base 1-0: Called Strike 1-1: Called Strike Javon Mitchell steals 3rd base 1-2: Strikes out swinging
|
|
Batting: RHB John Bianconi
|
0-0: Ball 1-0: Called Strike 1-1: Ball 2-1: Foul Ball, location: 2F 2-2: Ball 3-2: Foul Ball, location: 2F 3-2: Base on Balls
|
|
Batting: LHB Shane Montalvo
|
0-0: Ball 1-0: Fly out, F7 (Flyball, 78S, EV 91.9 MPH)
|
| Top of the 3rd over - 0 runs, 1 hit, 0 errors, 2 left on base; Mahoning Valley 0 - Lowell 1 |
| BOTTOM OF THE 3RD |
|
Lowell Spinners batting - Pitching for Mahoning Valley Scrappers : RHP Mario del Rio
|
|
Batting: LHB Sergio Tinoco
|
0-0: Called Strike 0-1: Foul Ball, location: 2F 0-2: Strikes out swinging
|
|
Batting: RHB Andy Garvin
|
0-0: Swinging Strike 0-1: Ball 1-1: Swinging Strike 1-2: Ground out 1-3 (Groundball, 13, EV 64.4 MPH)
|
|
Batting: LHB Frank Olivo
|
0-0: Called Strike 0-1: Ball 1-1: DOUBLE (Groundball, 3L, EV 104.4 MPH)
|
|
Batting: RHB Alex Cardenas
|
0-0: Ball Passed Ball! Frank Olivo to third 1-0: Foul Ball, location: 2F 1-1: Swinging Strike 1-2: Hit by Pitch
|
|
Batting: RHB Paul Long
|
0-0: Ball 1-0: Fielders Choice at 2nd, 5-4 (Groundball, 56, EV 82.5 MPH)
|
| Bottom of the 3rd over - 0 runs, 1 hit, 0 errors, 2 left on base; Mahoning Valley 0 - Lowell 1 |
| TOP OF THE 4TH |
|
Mahoning Valley Scrappers batting - Pitching for Lowell Spinners : RHP Morty Rupert
|
|
Batting: LHB Jeff Palmowski
|
0-0: Called Strike 0-1: Foul Ball, location: 2F 0-2: Strikes out swinging
|
|
Batting: RHB Ricky Cordova
|
0-0: Fly out, F9 (Flyball, 9D, EV 94.4 MPH)
|
|
Batting: RHB Luis Roman
|
0-0: Ball 1-0: Foul Ball, location: 2F 1-1: Ball 2-1: Ball 3-1: Called Strike 3-2: Base on Balls
|
|
Batting: LHB Esteban Cordova
|
0-0: Swinging Strike 0-1: Foul Ball, location: 2F 0-2: Strikes out swinging
|
| Top of the 4th over - 0 runs, 0 hits, 0 errors, 1 left on base; Mahoning Valley 0 - Lowell 1 |
| BOTTOM OF THE 4TH |
|
Lowell Spinners batting - Pitching for Mahoning Valley Scrappers : RHP Mario del Rio
|
|
Batting: RHB Sal Rivera
|
0-0: Foul Ball, location: 2F 0-1: SINGLE (Groundball, 5L, EV 96.9 MPH)
|
|
Batting: RHB Travis Campbell
|
0-0: Called Strike 0-1: Ball 1-1: Called Strike Sal Rivera steals 2nd base 1-2: Foul Ball, location: 2F 1-2: Ball 2-2: Foul Ball, location: 2F 2-2: DOUBLE (Flyball, 8LXD, EV 96.9 MPH) Sal Rivera scores
|
|
Batting: RHB Joe Sandoval
|
0-0: Ball 1-0: Called Strike 1-1: Ball 2-1: Ball 3-1: SINGLE (Line Drive, 78S, EV 109.4 MPH) Travis Campbell to third
|
|
Batting: RHB Dominique Paolozzi
|
0-0: DOUBLE (Flyball, 89D, EV 100.0 MPH) Travis Campbell scores Joe Sandoval to third Runner from 3rd tries for Home, SAFE, no throw by CF
|
|
Batting: LHB Sergio Tinoco
|
0-0: Ball 1-0: Ball Wild Pitch! Dominique Paolozzi to third 2-0: Swinging Strike 2-1: Ball 3-1: Ground out 1-3 (Groundball, 13S, EV 68.8 MPH)
|
|
Batting: RHB Andy Garvin
|
0-0: Foul Ball, location: 2F 0-1: Foul Ball, location: 2F 0-2: Ball 1-2: Ball 2-2: Ball 3-2: Base on Balls
|
|
Batting: LHB Frank Olivo
|
0-0: Ball 1-0: Called Strike Andy Garvin steals 2nd base 1-1: Foul Ball, location: 2F 1-2: SINGLE (Groundball, 6MD, EV 100.6 MPH) Dominique Paolozzi scores Andy Garvin to third Runner from 3rd tries for Home, SAFE, throw by CF to home
|
|
Batting: RHB Alex Cardenas
|
0-0: Ball 1-0: Ball 2-0: Called Strike 2-1: Fielders Choice at 2nd, 5-4 (Groundball, 5, EV 85.6 MPH)
|
|
Batting: RHB Paul Long
|
0-0: Foul Ball, location: 2F 0-1: Ball 1-1: Called Strike 1-2: Ball 2-2: SINGLE (Line Drive, 7S, EV 85.0 MPH) Alex Cardenas to second
|
|
Batting: RHB Sal Rivera
|
0-0: Ball 1-0: SINGLE (Groundball, 56D, EV 100.0 MPH) - runner OUT being hit by batted ball. (infield hit)
|
| Bottom of the 4th over - 5 runs, 7 hits, 0 errors, 1 left on base; Mahoning Valley 0 - Lowell 6 |
| TOP OF THE 5TH |
|
Mahoning Valley Scrappers batting - Pitching for Lowell Spinners : RHP Morty Rupert
|
|
Batting: RHB Anibal Casteles
|
0-0: Ball 1-0: Called Strike 1-1: SINGLE (Groundball, 34D, EV 98.1 MPH)
|
|
Batting: SHB Javon Mitchell
|
0-0: Fly out, F4 (Popup, 4D, EV 71.2 MPH)
|
|
Batting: RHB Kenzo Shinoda
|
0-0: Swinging Strike 0-1: Ball 1-1: Foul Ball, location: 2F 1-2: Ball 2-2: Strikes out swinging
|
|
Batting: RHB John Bianconi
|
0-0: Called Strike 0-1: Swinging Strike 0-2: Ground out 4-3 (Groundball, 34, EV 80.6 MPH)
|
| Top of the 5th over - 0 runs, 1 hit, 0 errors, 1 left on base; Mahoning Valley 0 - Lowell 6 |
| BOTTOM OF THE 5TH |
|
Lowell Spinners batting - Pitching for Mahoning Valley Scrappers : RHP Mario del Rio
|
|
Pitching: RHP Bill Snyder
|
|
|
Batting: RHB Travis Campbell
|
0-0: Swinging Strike 0-1: Swinging Strike 0-2: Strikes out looking
|
|
Batting: RHB Joe Sandoval
|
0-0: Foul Ball, location: 2F 0-1: Swinging Strike 0-2: Ground out 4-3 (Groundball, 4M, EV 102.5 MPH)
|
|
Batting: RHB Dominique Paolozzi
|
0-0: Ball 1-0: Ball 2-0: Foul Ball, location: 2F 2-1: Ball 3-1: Foul Ball, location: 2F 3-2: SINGLE (Groundball, 6MD, EV 103.1 MPH)
|
|
Batting: LHB Sergio Tinoco
|
0-0: Ball 1-0: TRIPLE (Line Drive, 78XD, EV 103.8 MPH) Dominique Paolozzi scores
|
|
Batting: RHB Andy Garvin
|
0-0: Called Strike 0-1: TRIPLE (Flyball, 7LD, EV 100.6 MPH) Sergio Tinoco scores
|
|
Batting: LHB Frank Olivo
|
0-0: Called Strike 0-1: Ball 1-1: Ball 2-1: Ball 3-1: Foul Ball, location: 2F 3-2: Base on Balls
|
|
Pitching: RHP Ian Nordquist
|
|
|
Batting: RHB Alex Cardenas
|
0-0: Swinging Strike 0-1: Ball 1-1: Fielders Choice at 2nd, 5-4 (Groundball, 56, EV 88.1 MPH)
|
| Bottom of the 5th over - 2 runs, 3 hits, 0 errors, 2 left on base; Mahoning Valley 0 - Lowell 8 |
| TOP OF THE 6TH |
|
Mahoning Valley Scrappers batting - Pitching for Lowell Spinners : RHP Morty Rupert
|
|
Batting: LHB Shane Montalvo
|
0-0: Ball 1-0: Ball 2-0: Foul Ball, location: 2F 2-1: TRIPLE (Flyball, 89XD, EV 90.6 MPH)
|
|
Batting: LHB Jeff Palmowski
|
0-0: Ball 1-0: Called Strike 1-1: SINGLE (Groundball, 34D, EV 95.0 MPH) Shane Montalvo scores
|
|
Batting: RHB Ricky Cordova
|
0-0: Ball 1-0: Ball 2-0: Called Strike 2-1: Ball 3-1: Called Strike 3-2: Strikes out swinging
|
|
Batting: RHB Luis Roman
|
0-0: Foul Ball, location: 2F 0-1: Called Strike 0-2: Ball 1-2: Foul Ball, location: 2F 1-2: SINGLE (Line Drive, 56D, EV 101.2 MPH) Jeff Palmowski to second
|
|
Batting: LHB Esteban Cordova
|
0-0: Ball 1-0: Called Strike 1-1: Fly out, F9 (Flyball, 89S, EV 84.4 MPH)
|
|
Batting: RHB Anibal Casteles
|
0-0: Ball 1-0: Fly out, F9 (Flyball, 9, EV 90.0 MPH)
|
| Top of the 6th over - 1 run, 3 hits, 0 errors, 2 left on base; Mahoning Valley 1 - Lowell 8 |
| BOTTOM OF THE 6TH |
|
Lowell Spinners batting - Pitching for Mahoning Valley Scrappers : RHP Ian Nordquist
|
|
Batting: RHB Paul Long
|
0-0: Called Strike 0-1: SINGLE (Line Drive, 5D, EV 99.4 MPH)
|
|
Batting: RHB Sal Rivera
|
0-0: Ball 1-0: SINGLE (Groundball, 25, EV 68.1 MPH) (infield hit) Paul Long to second
|
|
Batting: RHB Travis Campbell
|
0-0: Ball 1-0: Ball 2-0: Foul Ball, location: 2F 2-1: Foul Ball, location: 2F 2-2: Ball 3-2: Fly out, F9 (Flyball, 89M, EV 95.0 MPH)
|
|
Batting: RHB Joe Sandoval
|
0-0: Ball 1-0: Called Strike 1-1: Foul Ball, location: 2F 1-2: SINGLE (Line Drive, 34, EV 101.2 MPH) Paul Long to third Sal Rivera to second
|
|
Batting: RHB Dominique Paolozzi
|
0-0: Ball 1-0: Ball 2-0: Ball 3-0: Base on Balls Paul Long scores Sal Rivera to third Joe Sandoval to second
|
|
Pitching: RHP Chris Cohen
|
|
|
Batting: LHB Sergio Tinoco
|
0-0: Ball 1-0: Ball 2-0: Called Strike 2-1: Swinging Strike 2-2: Ball Balk! Sal Rivera scores Joe Sandoval to third Dominique Paolozzi to second 3-2: Foul Ball, location: 2F 3-2: Base on Balls
|
|
Batting: RHB Andy Garvin
|
0-0: Called Strike 0-1: Ball 1-1: Ball 2-1: Grounds into double play, 4-6-3 (Groundball, 4M, EV 106.9 MPH)
|
| Bottom of the 6th over - 2 runs, 3 hits, 0 errors, 2 left on base; Mahoning Valley 1 - Lowell 10 |
| TOP OF THE 7TH |
|
Mahoning Valley Scrappers batting - Pitching for Lowell Spinners : RHP Morty Rupert
|
|
Batting: SHB Javon Mitchell
|
0-0: Called Strike 0-1: Called Strike 0-2: Foul Ball, location: 2F 0-2: Fly out, F7 (Flyball, 78D, EV 108.1 MPH)
|
|
Pinch Hitting: SHB Darius Vinson
|
0-0: Ball 1-0: Ball 2-0: Called Strike 2-1: Called Strike 2-2: Ball 3-2: Foul Ball, location: 2F 3-2: SINGLE (Flyball, 3D, EV 97.5 MPH)
|
|
Pitching: LHP Chris Woodruff
|
|
|
Batting: RHB John Bianconi
|
0-0: Ball 1-0: Foul Ball, location: 2F 1-1: Foul Ball, location: 2F 1-2: Foul Ball, location: 2F 1-2: Ball 2-2: Strikes out swinging
|
|
Batting: LHB Shane Montalvo
|
0-0: Foul Ball, location: 2F 0-1: Ball 1-1: Called Strike 1-2: Ball 2-2: Foul Ball, location: 2F 2-2: Strikes out swinging
|
| Top of the 7th over - 0 runs, 1 hit, 0 errors, 1 left on base; Mahoning Valley 1 - Lowell 10 |
| BOTTOM OF THE 7TH |
|
Lowell Spinners batting - Pitching for Mahoning Valley Scrappers : RHP Chris Cohen
|
|
Now in CF: Darius Vinson
|
|
|
Batting: LHB Frank Olivo
|
0-0: Foul Ball, location: 2F 0-1: Ball 1-1: Ball 2-1: Foul Ball, location: 2F 2-2: Ball 3-2: SINGLE (Groundball, 25, EV 76.9 MPH) (infield hit)
|
|
Batting: RHB Alex Cardenas
|
0-0: Ball 1-0: Ball 2-0: Called Strike 2-1: Foul Ball, location: 2F 2-2: DOUBLE (Flyball, 8LXD, EV 90.6 MPH) Frank Olivo to third
|
|
Batting: RHB Paul Long
|
0-0: Called Strike 0-1: DOUBLE (Line Drive, 78D, EV 104.4 MPH) Frank Olivo scores Alex Cardenas scores
|
|
Pitching: RHP Andy Lewis
|
|
|
Batting: RHB Sal Rivera
|
0-0: Called Strike 0-1: Swinging Strike 0-2: Strikes out swinging
|
|
Pinch Hitting: RHB Curt Stallings
|
0-0: Foul Ball, location: 2F 0-1: Ball 1-1: Ball Balk! Paul Long to third 2-1: Foul Ball, location: 2F 2-2: Ball 3-2: Base on Balls
|
|
Batting: RHB Joe Sandoval
|
Balk! Paul Long scores Curt Stallings to second 0-0: Foul Ball, location: 2F 0-1: Fly out, F8 (Flyball, 8RD, EV 78.1 MPH) Runner from 2nd tags up, SAFE at 3rd with throw by CF
|
|
Batting: RHB Dominique Paolozzi
|
0-0: Foul Ball, location: 2F 0-1: Ball 1-1: Ground out 6-3 (Groundball, 6, EV 84.4 MPH)
|
| Bottom of the 7th over - 3 runs, 3 hits, 0 errors, 1 left on base; Mahoning Valley 1 - Lowell 13 |
| TOP OF THE 8TH |
|
Mahoning Valley Scrappers batting - Pitching for Lowell Spinners : LHP Chris Woodruff
|
|
Now at 1B: Sergio Tinoco
|
|
|
Now in RF: Curt Stallings
|
|
|
Batting: LHB Jeff Palmowski
|
0-0: Called Strike 0-1: Ball 1-1: Called Strike 1-2: Strikes out swinging
|
|
Batting: RHB Ricky Cordova
|
0-0: Ball 1-0: Fly out, F5 (Popup, 56, EV 65.6 MPH)
|
|
Batting: RHB Luis Roman
|
0-0: Ball 1-0: DOUBLE (Line Drive, 89D, EV 110.6 MPH)
|
|
Batting: LHB Esteban Cordova
|
0-0: Ball 1-0: Foul Ball, location: 2F 1-1: Called Strike 1-2: Foul Ball, location: 2F 1-2: Strikes out swinging
|
| Top of the 8th over - 0 runs, 1 hit, 0 errors, 1 left on base; Mahoning Valley 1 - Lowell 13 |
| BOTTOM OF THE 8TH |
|
Lowell Spinners batting - Pitching for Mahoning Valley Scrappers : RHP Andy Lewis
|
|
Batting: LHB Sergio Tinoco
|
0-0: Called Strike 0-1: Foul Ball, location: 2F 0-2: Ball 1-2: Hit by Pitch
|
|
Pinch Hitting: RHB Randy Schmitt
|
0-0: Ball 1-0: Ball 2-0: Swinging Strike 2-1: Ball 3-1: Fielders Choice at 2nd, 5-4 (Groundball, 56, EV 82.5 MPH)
|
|
Batting: LHB Frank Olivo
|
0-0: Called Strike 0-1: Called Strike 0-2: Strikes out swinging
|
|
Batting: RHB Alex Cardenas
|
0-0: Ball 1-0: Ball 2-0: Ball 3-0: Base on Balls Randy Schmitt to second
|
|
Batting: RHB Paul Long
|
0-0: Foul Ball, location: 2F 0-1: Fly out, F3 (Popup, 3SF, EV 67.5 MPH)
|
| Bottom of the 8th over - 0 runs, 0 hits, 0 errors, 2 left on base; Mahoning Valley 1 - Lowell 13 |
| TOP OF THE 9TH |
|
Mahoning Valley Scrappers batting - Pitching for Lowell Spinners : LHP Chris Woodruff
|
|
Now at 2B: Randy Schmitt
|
|
|
Batting: RHB Anibal Casteles
|
0-0: Ground out U3 (Groundball, 34, EV 105.6 MPH)
|
|
Batting: SHB Javon Mitchell
|
0-0: Ball 1-0: Ball 2-0: TRIPLE (Groundball, 3L, EV 97.5 MPH)
|
|
Pitching: LHP Neil Palazzo
|
|
|
Batting: SHB Darius Vinson
|
0-0: Called Strike Steal of home, Javon Mitchell is out 0-1: Swinging Strike 0-2: Ball 1-2: SINGLE (Groundball, 4M, EV 96.9 MPH) (infield hit)
|
|
Batting: RHB John Bianconi
|
0-0: Called Strike 0-1: Ball 1-1: Ball 2-1: Ball 3-1: Base on Balls Darius Vinson to second
|
|
Batting: LHB Shane Montalvo
|
0-0: Swinging Strike 0-1: Ball 1-1: Called Strike 1-2: Ground out 6-3 (Groundball, P, EV 91.9 MPH)
|
| Top of the 9th over - 0 runs, 2 hits, 0 errors, 2 left on base; Mahoning Valley 1 - Lowell 13 |
|